 Dungeon Crawl Stone Soup version 0.26-a0-649-gf8c6c3aab7 (webtiles) character file.

Game seed: 2699278847976238340

49989 reriks the Arsonist (level 14, -1/67 (68) HPs)
             Began as a Deep Elf Fire Elementalist on Sept 27, 2020.
             Was a Priest of Vehumet.
             Slain by a wolf spider (4 damage)
             ... on level 1 of the Spider Nest.
             The game lasted 01:17:17 (31223 turns).

reriks the Arsonist (Deep Elf Fire Elementalist)   Turns: 31223, Time: 01:17:18

HP:   -1/67 (68)    AC:  7    Str:  5    XL:     14   Next: 18%
MP:   41/41         EV: 22    Int: 36    God:    Vehumet [***...]
Gold: 1392          SH:  0    Dex: 18    Spells: 9/38 levels left

rFire    + . .     SeeInvis .   Y - +5 falchion "Aniwer" {vorpal, rN+ MP+9 Dex+3}
rCold    . . .     Faith    .   (no shield)
rNeg     + + .     Spirit   .   s - +1 robe "Omarad" {rElec rF+ Int+4 Stlth+}
rPois    +         Reflect  +   W - +1 helmet
rElec    +         Harm     .   O - +2 cloak
rCorr    .         Rampage  .   b - +0 pair of gloves
MR       +....                  P - +0 pair of boots
Stlth    ++........             u - amulet "Mogej" {Reflect rPois SH+5}
HPRegen  0.21/turn              Z - +6 ring of intelligence
MPRegen  0.27/turn              o - ring of positive energy

@: confused, corroded
A: no striking features
a: Renounce Religion


You were on level 1 of the Spider Nest.
You worshipped Vehumet.
Vehumet was most pleased with you.
You visited 6 branches of the dungeon, and saw 23 of its levels.

You collected 1422 gold pieces.
You spent 30 gold pieces at shops.

Inventory:

Hand Weapons
 t - the +7 arbalest of the Pure Mystics {flame, Dex+2}
   (You found it on level 11 of the Dungeon)

   It causes projectiles fired from it to burn those they strike, causing extra
   injury to most foes and up to half again as much damage against particularly
   susceptible opponents.
   It affects your dexterity (+2).
 w - a +9 flail of protection
 Y - the +5 falchion "Aniwer" (weapon) {vorpal, rN+ MP+9 Dex+3}
   (You found it on level 3 of the Lair of Beasts)

   It inflicts extra damage upon your enemies.
   It affects your dexterity (+3).
   It protects you from negative energy.
   It affects your magic capacity (+9).
Armour
 b - a +0 pair of gloves (worn)
 s - the +1 robe "Omarad" (worn) {rElec rF+ Int+4 Stlth+}
   (You took it off an orc on level 4 of the Dungeon)

   It affects your intelligence (+4).
   It protects you from fire.
   It insulates you from electricity.
   It makes you more stealthy.
 O - a +2 cloak (worn)
 P - a +0 pair of boots (worn)
 W - a +1 helmet (worn)
Magical Staves
 C - an uncursed staff of fire
Jewellery
 n - an uncursed ring of resist corrosion
 o - a ring of positive energy (right hand)
 u - the amulet "Mogej" (around neck) {Reflect rPois SH+5}
   (You acquired it on level 1 of the Orcish Mines)

   [amulet of reflection]

   It shields you and reflects attacks.
   It protects you from poison.
   It affects your SH (+5).
 D - an uncursed amulet of faith
 R - a +6 ring of strength
 S - a +4 ring of slaying
 T - an uncursed amulet of magic regeneration
 Z - a +6 ring of intelligence (left hand)
Wands
 a - a wand of flame (33)
 A - a wand of enslavement (15)
 H - a wand of random effects (28)
 J - a wand of iceblast (3)
 N - a wand of paralysis (4)
Scrolls
 c - 8 scrolls of remove curse
 e - 2 scrolls of fog
 g - 5 scrolls of enchant weapon
 j - 8 scrolls of teleportation
 m - a scroll of immolation
 r - a scroll of amnesia
 v - a scroll of noise
 x - a scroll of magic mapping
 y - 5 scrolls of fear
 B - 2 scrolls of vulnerability
 F - 2 scrolls of enchant armour
Potions
 f - a potion of haste
 h - 3 potions of brilliance
 i - 7 potions of heal wounds
 k - 2 potions of curing
 l - a potion of berserk rage
 p - a potion of resistance
 q - 2 potions of mutation
 z - 3 potions of might
 E - 5 potions of magic
 I - 5 potions of flight
 L - 8 potions of degeneration
 Q - a potion of stabbing


   Skills:
 + Level 6.3 Armour
 + Level 11.9 Dodging
 - Level 2.4 Stealth
 + Level 12.8 Spellcasting
 * Level 14.5 Conjurations
 * Level 14.8 Fire Magic


You had 9 spell levels left.
You knew the following spells:

 Your Spells              Type           Power        Failure   Level
a - Foxfire               Conj/Fire      ####         0%          1
b - Conjure Flame         Conj/Fire      #######.     0%          3
c - Sticky Flame          Conj/Fire      #######.     1%          4
d - Fireball              Conj/Fire      #######...   1%          5
e - Apportation           Tloc           ###...       1%          1
f - Ignite Poison         Fire/Tmut/Pois ######..     1%          3
g - Ozocubu's Refrigerat  Ice            ###.......   54%         6
h - Conjure Ball Lightni  Conj/Air       ######....   3%          6

Your spell library contained the following spells:

 Spells                   Type           Power        Failure   Level
 Inner Flame              Hex/Fire       ######..     1%          3
 Confusing Touch          Hex            ###.....     5%          3
 Gell's Gravitas          Tloc           ###.......   5%          3
 Lesser Beckoning         Tloc           ###.......   5%          3
 Tukima's Dance           Hex            ###.....     5%          3
 Yara's Violent Unravell  Hex/Tmut       ###.......   13%         5
 Petrify                  Tmut/Erth      ###.....     17%         4
 Alistair's Intoxication  Tmut/Pois      ###......    43%         5
 Metabolic Englaciation   Hex/Ice        ###.......   43%         5
 Invisibility             Hex            ###.....     95%         6


Dungeon Overview and Level Annotations

Branches:
Dungeon (12/15)            Temple (1/1) D:4            Lair (6/6) D:10
  Swamp (1/4) Lair:3       Spider (1/4) Lair:4        Slime (0/5) Lair:5
    Orc (2/2) D:11
    Elf: Orc:2

Altars:
Ashenzari
Cheibriados
Dithmenos
Elyvilon
Fedhas
Gozag
Hepliaklqana
Kikubaaqudgha
Makhleb
Nemelex Xobeh
Okawaru
Qazlal
Ru
Sif Muna
Trog
Uskayaw
Vehumet
Wu Jian
Xom
Yredelemnul
Zin
The Shining One
Jiyva

Shops:
D:8 ?   D:9 (   Orc:2 *

Portals:
Abyss: Lair:1

Annotations:
Lair:1 2 transporters, Kuidesed's ghost, journeyman DrCj


Message History

You are more confused.
The tarantella bites you but does no damage.
You hear an angry hiss.
Unknown command.
You're too confused!
Your magical effects are unravelling.
You feel magically purged.
You feel less confused.
You are no longer corroded.
You hear an angry hiss.
The tarantella bites you!
* * * LOW HITPOINT WARNING * * *
The entropy weaver casts a spell at you.
The entropic weave corrodes you! The tarantella barely misses you.
The tarantella bites you.
* * * LOW HITPOINT WARNING * * *
You are confused.
The wolf spider hits you!
* * * LOW HITPOINT WARNING * * *
The wolf spider bites you.
You die...

.....#
...s. ....
#### ...
#...##
..##...$.#
°ssss....
#ssas....
#@ss.....
#sss.....
#s.......
##.......
.......
#......
##....
####


You could see an entropy weaver, 3 wolf spiders, a jumping spider, 6 tarantellas
and 4 redbacks.

Vanquished Creatures
  Harold (D:8)
  6 hydras
  A death knight (D:11)
  A two-headed ogre (D:10)
  8 death yaks
  An orc high priest (Orc:2)
  An unseen horror (D:10)
  A lindwurm (Lair:4)
  Pikel (D:5)
  4 oklob plants
  A cyclops (D:11)
  12 elephants
  A black mamba (Lair:5)
  Psyche (D:8)
  Maurice (D:8)
  10 cane toads
  6 komodo dragons
  2 rime drakes
  A polar bear (Lair:5)
  3 trolls (D:10)
  A tyrant leech (Swamp:1)
  Grinder (D:5)
  23 blink frogs
  A slime creature (Lair:3)
  14 hippogriffs
  2 wyverns
  36 yaks
  3 redbacks (Lair:4)
  3 basilisks
  Edmund (D:5)
  2 wargs (Orc:2)
  4 vampire mosquitoes (Swamp:1)
  Menkaure (D:5)
  15 water moccasins
  5 porcupines
  12 orc warriors
  A swamp drake (D:11)
  2 necrophages
  An eye of draining (D:11)
  A phantom (D:6)
  2 sky beasts
  5 ice beasts
  8 ogres
  3 lemures (D:5)
  6 centaurs
  2 big kobolds (D:10)
  9 crocodiles
  Blork the orc (D:5)
  8 bullfrogs
  A gnoll sergeant (D:5)
  A water moccasin skeleton (D:5)
  4 scorpions
  3 killer bees (D:7)
  6 wights
  2 howler monkeys
  2 centaur zombies (D:8)
  2 quasits
  7 hounds
  A bullfrog zombie (D:11)
  3 jellies
  11 orc priests
  24 orc wizards
  A centaur skeleton (D:9)
  6 iguanas
  14 worker ants
  A hound skeleton (D:6)
  13 adders
  7 gnolls
  A shadow imp (D:5)
  A white imp (D:5)
  2 oozes
  2 adder zombies
  A worm (D:5)
  A dart slug (D:2)
  5 leopard geckos
  63 orcs
  10 giant cockroaches
  7 goblins
  10 hobgoblins
  22 jackals
  13 kobolds
  4 quokkas
  2 ball pythons
  5 bats
  3 frilled lizards
  A jackal zombie (D:5)
  3 quokka skeletons
  A quokka zombie (D:6)
  4 rats
  5 bushes (Lair:1)
511 creatures vanquished.

Vanquished Creatures (collateral kills)
  2 foxfires
2 creatures vanquished.

Vanquished Creatures (others)
  4 ball lightnings
  2 hobgoblins (D:2)
  A quokka (D:2)
  A rat (D:2)
  852 foxfires
  43 fungi
  54 plants
957 creatures vanquished.

Grand Total: 1470 creatures vanquished

Notes
Turn   | Place    | Note
-------+----------+-------------------------------------------
     0 | D:1      | reriks the Deep Elf Fire Elementalist began the quest for
                  | the Orb.
     0 | D:1      | Reached XP level 1. HP: 10/10 MP: 6/6
   708 | D:1      | Reached XP level 2. HP: 15/15 MP: 5/8
  1416 | D:2      | Reached XP level 3. HP: 19/19 MP: 5/9
  1850 | D:2      | Reached XP level 4. HP: 24/24 MP: 4/11
  1961 | D:2      | Learned a level 3 spell: Conjure Flame
  1966 | D:2      | Learned a level 4 spell: Sticky Flame
  2395 | D:2      | Found a white marble altar of Elyvilon.
  2658 | D:3      | Found a shimmering altar of Xom.
  3256 | D:3      | Found a shimmering blue altar of Sif Muna.
  3299 | D:3      | Reached XP level 5. HP: 25/28 MP: 6/12
  3385 | D:3      | Found a shadowy altar of Dithmenos.
  3503 | D:3      | Found a shadowy altar of Dithmenos.
  3612 | D:3      | Found a blossoming altar of Fedhas.
  4357 | D:4      | Identified the +1 robe "Omarad" {rElec rF+ Int+4 Stlth+}
  4362 | D:4      | Reached skill level 5 in Fire Magic
  4579 | D:4      | Reached XP level 6. HP: 32/32 MP: 8/14
  4642 | D:4      | Found a staircase to the Ecumenical Temple.
  4713 | Temple   | Entered the Ecumenical Temple
  4847 | D:4      | Noticed an ice beast
  4869 | D:4      | Killed an ice beast
  5231 | D:4      | Reached XP level 7. HP: 29/36 MP: 7/16
  5436 | D:5      | Entered Level 5 of the Dungeon
  5448 | D:5      | Reached skill level 5 in Spellcasting
  5602 | D:5      | Reached skill level 5 in Conjurations
  5756 | D:5      | Noticed Blork the orc
  5756 | D:5      | Noticed Edmund
  5768 | D:5      | Learned a level 5 spell: Fireball
  5796 | D:5      | Killed Edmund
  5798 | D:5      | Killed Blork the orc
  6083 | D:5      | Noticed Menkaure
  6090 | D:5      | Killed Menkaure
  6090 | D:5      | Reached skill level 5 in Dodging
  6122 | D:5      | Reached XP level 8. HP: 41/41 MP: 10/18
  6618 | D:5      | Noticed Pikel
  6668 | D:5      | Killed Pikel
  7068 | D:5      | Noticed Grinder
  7070 | D:5      | Killed Grinder
  7299 | D:5      | Found a glowing silver altar of Zin.
  7530 | D:6      | Reached XP level 9. HP: 32/45 MP: 21/21
  9703 | D:7      | Found a radiant altar of Vehumet.
  9709 | D:7      | Became a worshipper of Vehumet
 10536 | D:8      | Got an opal-encrusted chain mail
 10948 | D:8      | Noticed Maurice
 10956 | D:8      | Killed Maurice
 11072 | D:8      | Reached XP level 10. HP: 49/49 MP: 18/24
 11226 | D:8      | Noticed Psyche
 11236 | D:8      | Killed Psyche
 11239 | D:8      | Reached * piety under Vehumet
 11239 | D:8      | Offered knowledge of Magic Dart by Vehumet.
 11381 | D:8      | Noticed Harold
 11494 | D:8      | Killed Harold
 11494 | D:8      | Reached skill level 10 in Fire Magic
 11631 | D:8      | Found Tyzodoust's Magic Scroll Shop.
 11634 | D:8      | Bought a scroll of identify for 30 gold pieces
 11714 | D:8      | Got an iridescent flail
 11717 | D:8      | Found a sacrificial altar of Ru.
 12122 | D:9      | Found Uzuxzel's Antique Weapon Boutique.
 12178 | D:10     | Entered Level 10 of the Dungeon
 12569 | D:9      | Offered knowledge of Searing Ray by Vehumet.
 12576 | D:9      | Reached ** piety under Vehumet
 12640 | D:9      | Reached skill level 10 in Conjurations
 12864 | D:9      | Reached skill level 1 in Armour
 13554 | D:9      | Identified the cursed +3 flail "Rimparu" {freeze, +Inv}
                  | (You found it on level 8 of the Dungeon)
 13924 | D:10     | Noticed a two-headed ogre
 13938 | D:10     | Killed a two-headed ogre
 14080 | D:10     | Found a staircase to the Lair.
 14209 | D:10     | Offered knowledge of Stone Arrow by Vehumet.
 14212 | D:10     | Learned a level 1 spell: Apportation
 14548 | D:10     | Reached XP level 11. HP: 53/53 MP: 2/26
 14720 | D:10     | Reached *** piety under Vehumet
 15520 | Lair:1   | Entered Level 1 of the Lair of Beasts
 16073 | Lair:1   | Offered knowledge of Airstrike by Vehumet.
 16119 | Lair:1   | Found a transporter.
 16123 | Lair:1   | Found a one-way gate to the infinite horrors of the Abyss.
 16210 | Lair:1   | Noticed a brown ugly thing
 16374 | Lair:1   | Found a transporter.
 16392 | Lair:1   | Noticed a soul eater
 16392 | Lair:1   | Noticed Kuidesed's ghost (journeyman DrCj)
 16607 | Lair:1   | You fall into a shaft and drop 1 floor!
 16791 | Lair:2   | Reached skill level 10 in Spellcasting
 17301 | Lair:1   | Reached **** piety under Vehumet
 17403 | Lair:1   | Offered knowledge of Ignite Poison by Vehumet.
 17726 | Lair:1   | Noticed an oklob plant
 17728 | Lair:1   | Killed an oklob plant
 18784 | Lair:3   | Found a staircase to the Swamp.
 18828 | Lair:3   | Reached XP level 12. HP: 58/58 MP: 10/28
 19878 | Lair:3   | Reached skill level 10 in Dodging
 20138 | Lair:3   | Got a twisted falchion
 20824 | Lair:3   | Learned a level 3 spell: Ignite Poison
 20825 | Lair:3   | Got a fading war axe
 21450 | Lair:4   | Noticed a death yak
 21454 | Lair:4   | Killed a death yak
 21455 | Lair:4   | Noticed a death yak
 21546 | Lair:4   | Noticed a death yak
 21546 | Lair:4   | Noticed a death yak
 22176 | Lair:4   | Noticed a four-headed hydra
 22212 | Lair:4   | Killed a four-headed hydra
 22746 | Lair:4   | Reached skill level 5 in Armour
 22854 | Lair:4   | Identified the +5 falchion "Aniwer" {vorpal, rN+ MP+9
                  | Dex+3} (You found it on level 3 of the Lair of Beasts)
 23072 | D:10     | Reached XP level 13. HP: 58/62 MP: 30/30
 23175 | D:10     | Identified the cursed +1 war axe of Indomitability {vorpal,
                  | +Blink rC+ MR+ Str-3} (You found it on level 3 of the Lair
                  | of Beasts)
 23543 | D:11     | Reached ***** piety under Vehumet
 23815 | D:11     | Offered knowledge of Spellforged Servitor by Vehumet.
 24530 | D:11     | Found a staircase to the Orcish Mines.
 25400 | D:11     | Got a transparent arbalest
 25461 | Orc:1    | Entered Level 1 of the Orcish Mines
 25972 | Swamp:1  | Entered Level 1 of the Swamp
 25977 | Swamp:1  | Offered knowledge of Ozocubu's Refrigeration by Vehumet.
 26451 | Lair:4   | Learned a level 6 spell: Ozocubu's Refrigeration
 26560 | Lair:4   | Identified the +7 arbalest of the Pure Mystics {flame,
                  | Dex+2} (You found it on level 11 of the Dungeon)
 26850 | Lair:4   | Found a hole to the Spider Nest.
 28380 | Lair:5   | Found a staircase to the Slime Pits.
 28381 | Lair:5   | Found a viscous altar of Jiyva.
 28631 | Lair:6   | Entered Level 6 of the Lair of Beasts
 29000 | Lair:6   | Offered knowledge of Conjure Ball Lightning by Vehumet.
 29000 | Lair:6   | Reached XP level 14. HP: 67/67 MP: 11/32
 29142 | Lair:6   | Learned a level 6 spell: Conjure Ball Lightning
 29951 | Orc:2    | Entered Level 2 of the Orcish Mines
 30113 | Orc:2    | Found Uhash's General Store.
 30116 | Orc:2    | Noticed an orc warlord
 30165 | Orc:1    | Identified 2 scrolls of acquirement
 30165 | Orc:1    | Acquired the amulet "Mogej" {Reflect rPois SH+5}
 30167 | Orc:1    | Acquired an uncursed staff of fire
 31220 | Spider:1 | Entered Level 1 of the Spider Nest
 31220 | Spider:1 | Noticed an entropy weaver
 31223 | Spider:1 | HP: 3/67 [wolf spider (11)]
 31223 | Spider:1 | Slain by a wolf spider

Illustrated notes

Levels and vault maps discovered:
D:1:      psy_arrival_dodecagon, layout_basic, minmay_pentomino_w2
D:2:      layout_basic, elyvilon_altar_4
D:3:      layout_loops_ring, xom_teletrap_fun, old_standard_altar,
          nicolae_overflow_crystal_walls, lemuel_crystal_altar,
          nicolae_dithmenos_shadow_blocks
D:4:      layout_basic, minmay_temple_entry_drinking_statues,
          kennysheep_generic_room_10
D:5:      layout_loops_cross, basic_altar, uniq_menkaure, uniq_pikel,
          uniq_grinder, uniq_blork_the_orc, uniq_edmund
D:6:      layout_loops_corners
D:7:      minmay_general_purpose_star, layout_loops_corners, vehumet_crystals
D:8:      layout_rooms, nicolae_ru_path_of_blood, serial_shops, kennysheep_mini,
          uniq_harold, uniq_psyche, uniq_maurice
D:9:      layout_basic, serial_shops, shop
D:10:     layout_stronghold, lair_entry_dummy
D:11:     layout_stronghold, erik_orc_1
D:12:     layout_roguey
Temple:   nicolae_temple_elliptical
Lair:1:   layout_gridlike, gammafunk_ghost_abyssal_escape,
          minmay_lair_oklob_bushes, zaba_anthole
Lair:2:   layout_regular_city
Lair:3:   layout_loops_ring, swamp_mist, grunt_megastairs_3,
          minmay_lair_oklob_chamber
Lair:4:   layout_regular_city, spider_nest_entry_funnel_web, minivault_24,
          minivault_11, lemuel_fruit_fields, serial_bayou_shore_a,
          infiniplex_staircase_pool_2
Lair:5:   layout_hall_layers, slime_altar_1, beast_lair_carwin_1,
          grunt_megastairs_4, lemuel_fruit_tree
Lair:6:   evilmike_catoblepas_cave, layout_cave_pods
Swamp:1:  layout_basic_swamp, evilmike_swamp_ruin_house_1, swamp_pool5,
          infiniplex_staircase_pool
Spider:1: layout_chambers, special_room [special_room_bee], guppyfry_hornet_nest
Orc:1:    layout_caves, mines2_lemuel
Orc:2:    grunt_orc_gardens, layout_caves, grunt_orc_garden, grunt_orc_garden,
          grunt_orc_garden, grunt_orc_garden, gauntlet_entry_generic,
          portal_ice_cave_demonic_guard

Skill      XL: |  1  2  3  4  5  6  7  8  9 10 11 12 13 |
---------------+----------------------------------------+-----
Conjurations   | 2 3 4 5 7 9 10 11 13 14 | 14.5
Dodging        | 3 4 5 6 7 8 9 10 11 | 11.9
Fire Magic     | 4 5 6 8 9 11 12 13 14 | 14.8
Spellcasting   | 4 5 6 8 9 10 11 12 | 12.8
Armour         | 2 3 5 6 |  6.3
Stealth        | |  2.4

Action                   |  1- 3 |  4- 6 |  7- 9 | 10-12 | 13-15 || total
-------------------------+-------+-------+-------+-------+-------++-------
Melee: Club              |     2 |       |       |       |       ||     2
       Flail             |       |       |     5 |     6 |       ||    11
       Falchion          |       |       |       |       |     3 ||     3
 Cast: Foxfire           |    45 |   127 |   182 |   128 |    29 ||   511
       Sticky Flame      |       |     3 |    21 |    22 |     5 ||    51
       Conjure Flame     |       |       |     9 |     9 |     2 ||    20
       Fireball          |       |       |    10 |   196 |   173 ||   379
       Conjure Ball Ligh |       |       |       |       |     3 ||     3
Evoke: Wand              |       |       |     1 |       |     1 ||     2
  Use: Scroll            |       |     3 |     6 |     4 |    21 ||    34
       Potion            |       |       |       |       |     1 ||     1
Armor: Robe              |     1 |    11 |     6 |    20 |    18 ||    56
Dodge: Dodged            |     9 |    36 |    53 |    57 |    64 ||   219
Block: Other             |       |       |       |       |     2 ||     2
       Rpst.: Falchion   |       |       |       |       |    14 ||    14

Table legend: (Time is in decaauts)
 A = Elapsed time spent in this place.
 B = Non-inter-level travel time spent in this place.
 C = Inter-level travel time spent in this place.
 D = Time resting spent in this place.
 E = Time spent auto-exploring this place.
 F = Levels seen in this place.
 G = Mean time per level.
                   A        B        C        D        E       F      G
               +--------+--------+--------+--------+--------+-----+--------+
         Total |  31290 |  29485 |   1805 |  15889 |   9705 |  23 | 1360.4 |
       Dungeon |  19334 |  18433 |    901 |   9458 |   6504 |  12 | 1611.2 |
        Temple |    132 |    119 |     13 |      0 |    118 |   1 |  132.0 |
          Lair |  11137 |  10286 |    851 |   6112 |   2881 |   6 | 1856.2 |
         Swamp |     12 |     12 |      0 |      0 |      0 |   1 |   12.0 |
   Spider Nest |      2 |      2 |      0 |      0 |      0 |   1 |    2.0 |
  Orcish Mines |    670 |    630 |     40 |    319 |    202 |   2 |  335.0 |
               +--------+--------+--------+--------+--------+-----+--------+

Top non-repeatable levels by time:
  Lair:3: 2895 daAuts
  Lair:4: 2881 daAuts
    D:11: 2703 daAuts
    D:10: 2587 daAuts
     D:7: 1952 daAuts
     D:5: 1897 daAuts
  Lair:2: 1856 daAuts
  Lair:5: 1784 daAuts
     D:9: 1768 daAuts
  Lair:1: 1543 daAuts
     D:4: 1459 daAuts
     D:2: 1450 daAuts
     D:8: 1439 daAuts
     D:3: 1337 daAuts
     D:6: 1207 daAuts
